BSA
MAUI TROPICS @ SAN FRANCISCO BANDITS
10/05/2025
 
TOP OF THE 1ST
Maui Tropics batting - Pitching for San Francisco Bandits : RHP Álex Rodríguez
Pitching: RHP Álex Rodríguez
Batting: LHB Javier Espinoza 0-0: Called Strike
0-1: Ball
1-1: Ball
2-1: Ball
3-1: DOUBLE (Flyball, 89XD)
Batting: RHB Jesús Espinoza 0-0: Called Strike
0-1: Ball
1-1: Called Strike
1-2: Ball
2-2: Ball
3-2: Foul Ball, location: 2F
3-2: Foul Ball, location: 2F
3-2: Strikes out swinging
Batting: LHB Anacleto Morillo 0-0: Swinging Strike
0-1: Ground out 4-3 (Groundball, 4)
Javier Espinoza to third
Batting: LHB Luis Antonio Torres 0-0: Called Strike
0-1: Foul Ball, location: 2F
0-2: Ball
1-2: Strikes out looking
Top of the 1st over - 0 run(s), 1 hit(s), 0 error(s), 1 left on base; Maui 0 - San Francisco 0
BOTTOM OF THE 1ST
San Francisco Bandits batting - Pitching for Maui Tropics : RHP Jim Hendon
Pitching: RHP Jim Hendon
Batting: RHB Pete Rideout 0-0: Swinging Strike
0-1: Ball
1-1: Called Strike
1-2: Strikes out looking
Batting: LHB John Peterson 0-0: Foul Ball, location: 2F
0-1: Called Strike
0-2: Ball
1-2: Foul Ball, location: 2F
1-2: Foul Ball, location: 2F
1-2: Ball
2-2: Foul Ball, location: 2F
2-2: Ground out 4-3 (Groundball, 13)
Batting: RHB Michael Elliott 0-0: Ball
1-0: Called Strike
1-1: Foul Ball, location: 2F
1-2: Fly out, F6 (Line Drive, 6)
Bottom of the 1st over - 0 run(s), 0 hit(s), 0 error(s), 0 left on base; Maui 0 - San Francisco 0
TOP OF THE 2ND
Maui Tropics batting - Pitching for San Francisco Bandits : RHP Álex Rodríguez
Batting: LHB Henry Huffman 0-0: Called Strike
0-1: Ball
1-1: Ball
2-1: Ball
3-1: Base on Balls
Batting: RHB Jeff Packard 0-0: Ball
1-0: Ball
2-0: Called Strike
2-1: Ball
3-1: Fly out, F5 (Line Drive, 5)
Batting: RHB Ximena Campos 0-0: Swinging Strike
0-1: Fielders Choice at 2nd, 1-6 (Groundball, 15S)
Batting: RHB Eugene Gill 0-0: Ball
1-0: Ball
2-0: Ball
3-0: Called Strike
3-1: Called Strike
3-2: Strikes out looking
Top of the 2nd over - 0 run(s), 0 hit(s), 0 error(s), 1 left on base; Maui 0 - San Francisco 0
BOTTOM OF THE 2ND
San Francisco Bandits batting - Pitching for Maui Tropics : RHP Jim Hendon
Batting: RHB Jorge Morales 0-0: Ball
1-0: Ground out 5-3 (Groundball, 5)
Batting: LHB Francisco Calderón 0-0: Called Strike
0-1: Swinging Strike
0-2: Ball
1-2: Ball
2-2: SINGLE (Groundball, 56D)
Batting: RHB Dale Taylor 0-0: SINGLE (Flyball, 9LS)
Francisco Calderón to second
Runner from 2nd tries for 3rd, SAFE, no throw or cutoff
Batting: RHB Dale O'Feennaghty 0-0: Ball
1-0: Foul Ball, location: 2F
1-1: Ball
2-1: Ball
3-1: Foul Ball, location: 2F
3-2: Base on Balls
Dale Taylor to second
Batting: RHB Susumu Sugiyama 0-0: Ball
1-0: Fly out, F6 (Line Drive, 6)
Batting: RHB Javier Ramírez 0-0: Swinging Strike
0-1: Foul Ball, location: 2F
0-2: Strikes out looking
Bottom of the 2nd over - 0 run(s), 2 hit(s), 0 error(s), 3 left on base; Maui 0 - San Francisco 0
TOP OF THE 3RD
Maui Tropics batting - Pitching for San Francisco Bandits : RHP Álex Rodríguez
Batting: LHB Mario Olivares 0-0: Ball
1-0: Foul Ball, location: 2F
1-1: Swinging Strike
1-2: Strikes out looking
Batting: LHB Javier Espinoza 0-0: Ball
1-0: Ball
2-0: Swinging Strike
2-1: Foul Ball, location: 2F
2-2: Foul Ball, location: 2F
2-2: Fly out, F8 (Flyball, 8LM)
Batting: RHB Jesús Espinoza 0-0: Called Strike
0-1: Foul Ball, location: 2F
0-2: Ball
1-2: Ball
2-2: DOUBLE (Line Drive, 89S)
Batting: LHB Anacleto Morillo 0-0: Foul Ball, location: 2F
0-1: Ball
1-1: Foul Ball, location: 2F
1-2: Ball
2-2: Strikes out swinging
Top of the 3rd over - 0 run(s), 1 hit(s), 0 error(s), 1 left on base; Maui 0 - San Francisco 0
BOTTOM OF THE 3RD
San Francisco Bandits batting - Pitching for Maui Tropics : RHP Jim Hendon
Batting: RHB Pete Rideout 0-0: Ball
1-0: Ball
2-0: Bunted foul
2-1: Ball
3-1: Ground out 5-3 (Groundball, 56S)
Batting: LHB John Peterson 0-0: Swinging Strike
0-1: Foul Ball, location: 2F
0-2: Foul Ball, location: 2F
0-2: Ball
1-2: Ball
2-2: SINGLE (Groundball, 4M)
Batting: RHB Michael Elliott 0-0: Ball
1-0: Ball
2-0: Called Strike
2-1: Foul Ball, location: 2F
2-2: Foul Ball, location: 2F
2-2: Strikes out swinging
Batting: RHB Jorge Morales 0-0: Swinging Strike
0-1: Ball
1-1: Swinging Strike
1-2: Ball
2-2: Fly out, F8 (Flyball, 8LD)
Bottom of the 3rd over - 0 run(s), 1 hit(s), 0 error(s), 1 left on base; Maui 0 - San Francisco 0
TOP OF THE 4TH
Maui Tropics batting - Pitching for San Francisco Bandits : RHP Álex Rodríguez
Batting: LHB Luis Antonio Torres 0-0: Ball
1-0: Called Strike
1-1: Swinging Strike
1-2: Foul Ball, location: 2F
1-2: SINGLE (Groundball, 5D)
Batting: LHB Henry Huffman 0-0: Ball
1-0: Swinging Strike
1-1: Ball
2-1: Foul Ball, location: 2F
2-2: Ball
3-2: Base on Balls
Luis Antonio Torres to second
Batting: RHB Jeff Packard 0-0: Ball
1-0: Ball
2-0: Foul Ball, location: 2F
2-1: Swinging Strike
2-2: Grounds into double play, 6-4-3 (Groundball, 56)
Luis Antonio Torres to third
Batting: RHB Ximena Campos 0-0: Fly out, F7 (Flyball, 78D)
Top of the 4th over - 0 run(s), 1 hit(s), 0 error(s), 1 left on base; Maui 0 - San Francisco 0
BOTTOM OF THE 4TH
San Francisco Bandits batting - Pitching for Maui Tropics : RHP Jim Hendon
Batting: LHB Francisco Calderón 0-0: Ball
1-0: Ball
2-0: Fly out, F6 (Line Drive, 6M)
Batting: RHB Dale Taylor 0-0: Called Strike
0-1: Foul Ball, location: 2F
0-2: Strikes out swinging
Batting: RHB Dale O'Feennaghty 0-0: Called Strike
0-1: Foul Ball, location: 2F
0-2: Ball
1-2: Ground out 5-3 (Groundball, 56)
Bottom of the 4th over - 0 run(s), 0 hit(s), 0 error(s), 0 left on base; Maui 0 - San Francisco 0
TOP OF THE 5TH
Maui Tropics batting - Pitching for San Francisco Bandits : RHP Álex Rodríguez
Batting: RHB Eugene Gill 0-0: Called Strike
0-1: Swinging Strike
0-2: Ball
1-2: Ball
2-2: SINGLE (Line Drive, 6)
Batting: LHB Mario Olivares 0-0: Swinging Strike
0-1: Ball
1-1: Swinging Strike
1-2: Foul Ball, location: 2F
1-2: Fly out, F7 (Flyball, 78D)
Batting: LHB Javier Espinoza 0-0: Ball
1-0: Ball
2-0: Ball
3-0: Called Strike
3-1: Foul Ball, location: 2F
3-2: Strikes out swinging
Batting: RHB Jesús Espinoza 0-0: Ball
1-0: Called Strike
1-1: Ball
2-1: Fielders Choice at 2nd, 6-4 (Groundball, 6)
Top of the 5th over - 0 run(s), 1 hit(s), 0 error(s), 0 left on base; Maui 0 - San Francisco 0
BOTTOM OF THE 5TH
San Francisco Bandits batting - Pitching for Maui Tropics : RHP Jim Hendon
Batting: RHB Susumu Sugiyama 0-0: Called Strike
0-1: Ball
1-1: Fly out, F8 (Flyball, 8LS)
Batting: RHB Javier Ramírez 0-0: Swinging Strike
0-1: Swinging Strike
0-2: Foul Ball, location: 2F
0-2: Fly out, F9 (Flyball, 9M)
Batting: RHB Pete Rideout 0-0: Ball
1-0: Ball
2-0: SINGLE (Line Drive, 56)
Batting: LHB John Peterson 0-0: Called Strike
0-1: Fly out, F9 (Flyball, 89XD)
Bottom of the 5th over - 0 run(s), 1 hit(s), 0 error(s), 1 left on base; Maui 0 - San Francisco 0
TOP OF THE 6TH
Maui Tropics batting - Pitching for San Francisco Bandits : RHP Álex Rodríguez
Batting: LHB Anacleto Morillo 0-0: SINGLE (Groundball, 34D)
Batting: LHB Luis Antonio Torres 0-0: Called Strike
0-1: Called Strike
0-2: Grounds into double play, 6-4-3 (Groundball, 6M)
Batting: LHB Henry Huffman 0-0: Called Strike
0-1: Fly out, F7 (Flyball, 7LM)
Top of the 6th over - 0 run(s), 1 hit(s), 0 error(s), 0 left on base; Maui 0 - San Francisco 0
BOTTOM OF THE 6TH
San Francisco Bandits batting - Pitching for Maui Tropics : RHP Jim Hendon
Batting: RHB Michael Elliott 0-0: Ball
1-0: Foul Ball, location: 2F
1-1: Fly out, F8 (Flyball, 78XD)
Batting: RHB Jorge Morales 0-0: Ball
1-0: Swinging Strike
1-1: Foul Ball, location: 2F
1-2: Ball
2-2: Foul Ball, location: 2F
2-2: Ball
3-2: Ground out 6-3 (Groundball, 6)
Batting: LHB Francisco Calderón 0-0: Foul Ball, location: 2F
0-1: Swinging Strike
0-2: Ground out 5-3 (Groundball, 56)
Bottom of the 6th over - 0 run(s), 0 hit(s), 0 error(s), 0 left on base; Maui 0 - San Francisco 0
TOP OF THE 7TH
Maui Tropics batting - Pitching for San Francisco Bandits : RHP Álex Rodríguez
Pinch Hitting: LHB Doyle Otterburn 0-0: Swinging Strike
0-1: Ball
1-1: Foul Ball, location: 2F
1-2: Ball
2-2: SINGLE (Groundball, 5D)
Pitching: RHP Carlos Ruíz
Batting: RHB Ximena Campos 0-0: Fielders Choice at 2nd, 6-4 (Groundball, 56)
Batting: RHB Eugene Gill 0-0: Called Strike
0-1: Called Strike
0-2: Ball
1-2: Ball
2-2: Fielders Choice at 2nd, 1-4 (Groundball, 15S)
Batting: LHB Mario Olivares 0-0: Ball
1-0: Fly out, F8 (Line Drive, 8RM)
Top of the 7th over - 0 run(s), 1 hit(s), 0 error(s), 1 left on base; Maui 0 - San Francisco 0
BOTTOM OF THE 7TH
San Francisco Bandits batting - Pitching for Maui Tropics : RHP Jim Hendon
Now at 3B: Doyle Otterburn
Batting: RHB Dale Taylor 0-0: Ball
1-0: Swinging Strike
1-1: Fly out, F7 (Flyball, 78XD)
Batting: RHB Dale O'Feennaghty 0-0: Ball
1-0: Ball
2-0: Fly out, F4 (Popup, 4)
Pinch Hitting: LHB Mel Jones 0-0: Foul Ball, location: 2F
0-1: Swinging Strike
0-2: Ball
1-2: Ground out U3 (Groundball, 3L)
Bottom of the 7th over - 0 run(s), 0 hit(s), 0 error(s), 0 left on base; Maui 0 - San Francisco 0
TOP OF THE 8TH
Maui Tropics batting - Pitching for San Francisco Bandits : RHP Carlos Ruíz
Now at SS: Jorge Díaz
Batting: LHB Javier Espinoza 0-0: Foul Ball, location: 2F
0-1: Swinging Strike
0-2: Strikes out looking
Batting: RHB Jesús Espinoza 0-0: Swinging Strike
0-1: Foul Ball, location: 2F
0-2: Foul Ball, location: 2F
0-2: Foul Ball, location: 2F
0-2: Foul Ball, location: 2F
0-2: Ball
1-2: Ball
2-2: Ground out 5-3 (Groundball, 5)
Batting: LHB Anacleto Morillo 0-0: Called Strike
0-1: Swinging Strike
0-2: Ball
1-2: Ball
2-2: Strikes out swinging
Top of the 8th over - 0 run(s), 0 hit(s), 0 error(s), 0 left on base; Maui 0 - San Francisco 0
BOTTOM OF THE 8TH
San Francisco Bandits batting - Pitching for Maui Tropics : RHP Jim Hendon
Pinch Hitting: RHB Cory Foster 0-0: Swinging Strike
0-1: Called Strike
0-2: Ball
1-2: Strikes out swinging
Batting: RHB Pete Rideout 0-0: Called Strike
0-1: Fly out, F8 (Flyball, 8LM)
Batting: LHB John Peterson 0-0: SINGLE (Line Drive, 8LS)
Batting: RHB Michael Elliott 0-0: Ball
Throwing error on steal attempt, E2
John Peterson to third
1-0: Swinging Strike
1-1: Ball
2-1: Ground out 4-3 (Groundball, 4M)
Bottom of the 8th over - 0 run(s), 1 hit(s), 1 error(s), 1 left on base; Maui 0 - San Francisco 0
TOP OF THE 9TH
Maui Tropics batting - Pitching for San Francisco Bandits : RHP Carlos Ruíz
Pitching: RHP José Rivera
Now at 3B: Kyle Williams
Batting: LHB Luis Antonio Torres 0-0: Ground out U3 (Groundball, 3)
Batting: LHB Henry Huffman 0-0: Called Strike
0-1: Fly out, F4 (Line Drive, 4)
Batting: LHB Doyle Otterburn 0-0: Called Strike
0-1: Swinging Strike
0-2: Ground out 1-3 (Groundball, 13S)
Top of the 9th over - 0 run(s), 0 hit(s), 0 error(s), 0 left on base; Maui 0 - San Francisco 0
BOTTOM OF THE 9TH
San Francisco Bandits batting - Pitching for Maui Tropics : RHP Jim Hendon
Pitching: RHP Yong-taek Yi
Batting: RHB Jorge Morales 0-0: Swinging Strike
0-1: Called Strike
0-2: Strikes out swinging
Batting: LHB Francisco Calderón 0-0: Fly out, F2 (Popup, 2LF)
Batting: RHB Dale Taylor 0-0: Ball
1-0: SINGLE (Groundball, 25) (infield hit)
Pinch Hitting: RHB Sadao Kato 0-0: Ball
1-0: SINGLE (Line Drive, 4)
Dale Taylor to second
Batting: RHB Jorge Díaz 0-0: Called Strike
0-1: Ball
1-1: Foul Ball, location: 2F
1-2: Ball
2-2: Strikes out looking
Bottom of the 9th over - 0 run(s), 2 hit(s), 0 error(s), 2 left on base; Maui 0 - San Francisco 0
TOP OF THE 10TH
Maui Tropics batting - Pitching for San Francisco Bandits : RHP José Rivera
Now at C: Vicente Ricks
Batting: RHB Ximena Campos 0-0: Ball
1-0: Foul Ball, location: 2F
1-1: Foul Ball, location: 2F
1-2: Ball
2-2: Foul Ball, location: 2F
2-2: Ground out 4-3 (Groundball, 34)
Batting: RHB Eugene Gill 0-0: Reached on error, E4 (Groundball, 4)
Batting: LHB Mario Olivares 0-0: Ball
1-0: Ball
2-0: Ball
3-0: Base on Balls
Batting: LHB Javier Espinoza 0-0: Ball
1-0: Ball
2-0: Called Strike
2-1: Ball
3-1: Ground out U3 (Groundball, 3S)
Eugene Gill to third
Mario Olivares to second
Batting: RHB Jesús Espinoza 0-0: Ball
1-0: Ball
2-0: Fly out, F7 (Flyball, 7LM)
Top of the 10th over - 0 run(s), 0 hit(s), 1 error(s), 2 left on base; Maui 0 - San Francisco 0
BOTTOM OF THE 10TH
San Francisco Bandits batting - Pitching for Maui Tropics : RHP Yong-taek Yi
Pinch Hitting: RHB Bob Orr 0-0: Fly out, F8 (Flyball, 8RD)
Batting: RHB Pete Rideout 0-0: Swinging Strike
0-1: Ball
1-1: Foul Ball, location: 2F
1-2: Foul Ball, location: 2F
1-2: Ball
2-2: Fly out, F9 (Flyball, 89M)
Batting: LHB John Peterson 0-0: Ball
1-0: Foul Ball, location: 2F
1-1: Ball
2-1: Fly out, F6 (Popup, 6M)
Bottom of the 10th over - 0 run(s), 0 hit(s), 0 error(s), 0 left on base; Maui 0 - San Francisco 0
TOP OF THE 11TH
Maui Tropics batting - Pitching for San Francisco Bandits : RHP José Rivera
Pitching: RHP Pedro Castillo
Now at 3B: Bob Orr
Batting: LHB Anacleto Morillo 0-0: Ball
1-0: Ground out U3 (Groundball, 3)
Batting: LHB Luis Antonio Torres 0-0: Ball
1-0: Ball
2-0: Called Strike
2-1: Hit by Pitch
Batting: LHB Henry Huffman 0-0: Ball
Throwing error on steal attempt, E2
Luis Antonio Torres to third
1-0: Foul Ball, location: 2F
1-1: Ball
2-1: Fly out, F6 (Popup, 6MS)
Batting: LHB Doyle Otterburn 0-0: Ball
1-0: Swinging Strike
1-1: Foul Ball, location: 2F
1-2: Strikes out looking
Top of the 11th over - 0 run(s), 0 hit(s), 1 error(s), 1 left on base; Maui 0 - San Francisco 0
BOTTOM OF THE 11TH
San Francisco Bandits batting - Pitching for Maui Tropics : RHP Yong-taek Yi
Pitching: RHP Junior Mateo
Batting: RHB Michael Elliott 0-0: Ball
1-0: Ground out 6-3 (Groundball, 6)
Batting: RHB Jorge Morales 0-0: Foul Ball, location: 2F
0-1: Swinging Strike
0-2: Ball
1-2: Foul Ball, location: 2F
1-2: Ball
2-2: Ball
3-2: Foul Ball, location: 2F
3-2: SOLO HOME RUN (Flyball, 7D), Distance : 372 ft
This league is powered by Out of the Park Baseball, the baseball management simulation game for PC, Mac and Linux
Tuesday, August 2nd, 2016 - OOTP Baseball 16.8 Build 38